 Seeded DCSS version 0.30.1-4-g462c640d31 (webtiles) character file.

Game seed: 6351066067085065685 (custom seed)

1183 Esekla the Reanimator (level 8, -8/41 HPs)
             Began as a Deep Elf Necromancer on Sept 1, 2023.
             Was a Believer of Vehumet.
             Mangled by Menkaure (15 damage)
             ... on level 7 of the Dungeon.
             The game lasted 00:28:07 (4310 turns).

Esekla the Reanimator (Deep Elf Necromancer)        Turns: 4310, Time: 00:28:07

Health: -8/41      AC:  4    Str:  5    XL:     8   Next: 19%
Magic:  20/20      EV: 15    Int: 23    God:    Vehumet [**....]
Gold:   331        SH:  0    Dex: 18    Spells: 9/21 levels left

rFire   . . .        s - +5 rapier of the Hero {heavy, rN+ Dex+3}
rCold   . . .        (no shield)
rNeg    + . .        k - +0 robe
rPois   .            i - +0 helmet
rElec   .            (no cloak)
rCorr   .            c - +0 pair of gloves
SInv    .            (no boots)
Will    .....        t - amulet of magic regeneration
Stlth   +++          (no ring)
HPRegen 0.26/turn    (no ring)
MPRegen 0.57/turn

%: no passive effects
@: no status effects
A: no striking features
a: Renounce Religion


You were on level 7 of the Dungeon.
You worshipped Vehumet.
Vehumet was pleased with you.
You visited 1 branch of the dungeon, and saw 7 of its levels.

You collected 331 gold pieces.

Inventory:

Hand Weapons
 a - a +2 vampiric dagger
 r - a +0 trident
 s - the +5 rapier of the Hero (weapon) {heavy, rN+ Dex+3}
   (You found it on level 3 of the Dungeon)

   Dex:       It affects your dexterity (+3).
   rN:        It protects you from negative energy.
Missiles
 A - 24 poisoned darts (quivered)
Armour
 c - a +0 pair of gloves (worn)
 i - a +0 helmet (worn)
 k - a +0 robe (worn)
Jewellery
 t - an amulet of magic regeneration (around neck)
Wands
 q - a wand of roots (16)
 x - a wand of flame (15)
Scrolls
 f - 5 scrolls of identify {unknown}
 l - a scroll of enchant armour {unknown}
 m - 2 scrolls of amnesia {unknown}
 n - a scroll of immolation {unknown}
 p - a scroll of blinking {unknown}
 v - a scroll of magic mapping {unknown}
 y - 3 scrolls of enchant weapon {unknown}
 z - 2 scrolls of fog {unknown}
 B - a scroll of silence {unknown}
 C - a scroll of summoning {unknown}
 D - a scroll of fear
Potions
 b - a potion of magic
 d - 2 potions of ambrosia {unknown}
 e - 4 potions of attraction {unknown}
 g - a potion of heal wounds {unknown}
 h - 6 potions of curing {unknown}
 j - a potion of mutation {unknown}
 o - a potion of haste {unknown}
 u - a potion of lignification {unknown}
 w - 3 potions of brilliance {unknown}


   Skills:
 + Level 2.5 Short Blades
 + Level 0.1 Throwing
 * Level 5.4 Dodging
 + Level 3.9 Stealth
 * Level 7.1 Spellcasting
 * Level 8.3 Necromancy
 * Level 2.5 Translocations


You had 9 spell levels left.
You knew the following spells:

 Your Spells              Type           Power      Damage    Failure   Level
a - Necrotise             Necr           100%       1d9       1%          1
b - Kiss of Death         Conj/Necr      100%       2d13      1%          1
c - Sandblast             Erth           16%        2d6       8%          1
d - Vampiric Draining     Necr           46%        2d9       1%          3
e - Stone Arrow           Conj/Erth      16%        3d8       22%         3
t - Teleport Other        Tloc           19%        N/A       9%          3

Your spell library contained the following spells:

 Spells                   Type           Power      Damage    Failure   Level
 Animate Dead             Necr           46%        N/A       2%          4
 Lesser Beckoning         Tloc           38%        N/A       4%          2
 Agony                    Necr           46%        N/A       7%          5
 Gell's Gravitas          Tloc           19%        N/A       9%          3
 Spider Form              Tmut/Pois      8%         N/A       22%         3
 Cause Fear               Hex            4%         N/A       58%         4
 Summon Mana Viper        Hex/Summ       8%         N/A       91%         5


Dungeon Overview and Level Annotations

Branches:
Dungeon (7/15)
 Temple: D:4-7

Altars:
Dithmenos
Fedhas
Hepliaklqana
Okawaru
Qazlal
Trog
Vehumet
Zin
The Shining One

Shops:
D:2 =   D:4 (

Annotations:
D:6 Blork the orc
D:7 Menkaure


Message History

Press: ? - help, Shift-Dir - straight line, f - bullfrog
Aim: a bullfrog (heavily wounded)
You draw life force from the bullfrog!
You kill the bullfrog!
Vehumet accepts your kill.
You feel life coursing into your body.
Your Spellcasting skill increases to level 7!
You see here a bullfrog corpse.
Found 2 bubbling green potions.
e - 4 bubbling green potions (gained 2)
Found 6 stones.
Found a stone staircase leading down.
Found 3 scrolls labelled LIXOR VONLAKI.
You see here 6 stones.
Menkaure, Prince of Dust comes into view.
Found a scroll labelled EGUZUT XAHEGAJ and a scroll labelled OVUGHE LOEQ.
Menkaure shouts!
You feel the dreadful sensation subside.
You feel agile.
s - the +5 rapier of the Hero (weapon)
{heavy, rN+ Dex+3} Menkaure barely misses you.
You completely miss Menkaure. Menkaure misses you.
You closely miss Menkaure.
Menkaure gestures wildly while chanting.
Menkaure seems to speed up.
Menkaure points at you and mumbles some strange words.
You struggle to resist.
You hit Menkaure but do no damage.
Menkaure murmurs, "Let me perform the rites..."
Menkaure hits you! x2
You puncture Menkaure!
Menkaure is heavily damaged.
Menkaure hits you!
* * * LOW HITPOINT WARNING * * *
Menkaure barely misses you.
You puncture Menkaure!
Menkaure is almost destroyed.
Menkaure shouts, "You disturbed my rest!
Die!"
Menkaure hits you!
You die...

#.##.#.########
#.##.#........#
#....(........#
####>.........#
####.......#
##.......#
#........#
#.......?#
#.@..?...#
#.M......#
#....?...#
#.######## ..
###


You could see Menkaure (fast).

Vanquished Creatures
  An ice beast (D:6)
  A black bear (D:6)
  An ogre (D:5)
  A phantom (D:7)
  A kobold brigand (D:6)
  A bullfrog (D:7)
  2 scorpions (D:5)
  A gnoll bouda (D:4)
  5 hounds
  A jelly (D:6)
  4 iguanas
  A sleepcap (D:5)
  9 gnolls
  8 adders
  A white imp (D:5)
  A worm (D:4)
  3 dart slugs
  9 orcs
  6 ball pythons
  4 endoplasms
  8 goblins
  5 hobgoblins
  A quokka (D:1)
  3 bats
  4 frilled lizards
  12 kobolds
  A rat (D:2)
95 creatures vanquished.

Notes
Turn   | Place    | Note
-------+----------+-------------------------------------------
     0 | D:1      | Esekla the Deep Elf Necromancer began the quest for the
                  | Orb.
     0 | D:1      | Reached XP level 1. HP: 10/10 MP: 6/6
   267 | D:4      | Found a radiant altar of Vehumet.
   278 | D:4      | Found an iron altar of Okawaru.
   290 | D:4      | Found a glowing silver altar of Zin.
   374 | D:4      | Became a worshipper of Vehumet
   384 | D:4      | Reached skill level 5 in Necromancy
   530 | D:3      | Reached XP level 2. HP: 15/15 MP: 8/8
   862 | D:3      | Identified the +5 rapier of the Hero {heavy, rN+ Dex+3}
   875 | D:2      | Found Renulab's Jewellery Shop.
  1048 | D:2      | Reached XP level 3. HP: 19/19 MP: 9/9
  1054 | D:2      | Learned a level 3 spell: Vampiric Draining
  1326 | D:2      | Noticed a black bear
  1383 | D:3      | Found a stormy altar of Qazlal.
  1386 | D:3      | Found a hazy altar of Hepliaklqana.
  1386 | D:3      | Found a bloodstained altar of Trog.
  1408 | D:3      | Reached XP level 4. HP: 19/24 MP: 6/11
  1621 | D:3      | Reached skill level 1 in Short Blades
  1689 | D:5      | Entered Level 5 of the Dungeon
  1721 | D:5      | Found a shadowy altar of Dithmenos.
  1762 | D:5      | Got the Parchment of the Lumpy Olives
  1820 | D:4      | Reached * piety under Vehumet
  1820 | D:4      | Offered knowledge of Kiss of Death by Vehumet.
  1846 | D:5      | Reached XP level 5. HP: 26/28 MP: 6/12
  1848 | D:5      | Learned a level 1 spell: Kiss of Death
  2077 | D:4      | Found Ponaysk's Antique Weapon Boutique.
  2263 | D:2      | Found a faded altar of an unknown god.
  2293 | D:2      | Reached skill level 6 in Necromancy
  2398 | D:1      | Learned a level 3 spell: Teleport Other
  2792 | D:4      | Found a glowing golden altar of the Shining One.
  2821 | D:4      | Reached XP level 6. HP: 30/32 MP: 8/14
  2941 | D:4      | Offered knowledge of Sandblast by Vehumet.
  2952 | D:4      | Learned a level 1 spell: Sandblast
  2967 | D:4      | Reached ** piety under Vehumet
  3318 | D:5      | Reached skill level 1 in Translocations
  3326 | D:5      | Reached skill level 5 in Spellcasting
  3396 | D:5      | Reached skill level 7 in Necromancy
  3400 | D:5      | Reached XP level 7. HP: 31/36 MP: 7/17
  3618 | D:5      | Reached skill level 5 in Dodging
  3865 | D:6      | Reached skill level 8 in Necromancy
  3875 | D:6      | Found a blossoming altar of Fedhas.
  4063 | D:6      | Offered knowledge of Stone Arrow by Vehumet.
  4085 | D:6      | Reached XP level 8. HP: 32/41 MP: 13/19
  4089 | D:6      | Learned a level 3 spell: Stone Arrow
  4125 | D:6      | Noticed Blork the orc
  4299 | D:7      | Noticed Menkaure
  4310 | D:7      | Mangled by Menkaure

Illustrated notes

Levels and vault maps discovered:
D:1:      sevenhm_arrival_forest_fort_small_3, layout_rooms,
          chequers_serial_rivers_room_b, minmay_misc_feat_five
D:2:      layout_loops_ring, dreamdust_ecumenical_altar_angels_and_demons,
          serial_shops, shop
D:3:      layout_basic, grunt_temple_overflow_open, minmay_misc_feat_iff
D:4:      layout_basic, nicolae_overflow_quartered_altars, serial_shops,
          nicolae_diamond_shop
D:5:      layout_loops_ring, lemuel_doored_altar, minmay_misc_feat_rows,
          dreamdust_wishing_well
D:6:      layout_loops_cross, fedhas_altar_fruit_tree,
          minmay_temple_entry_glass, uniq_pikel, uniq_blork_the_orc
D:7:      layout_basic, uniq_menkaure, uniq_joseph, uniq_crazy_yiuf_cottage

Skill      XL: |  1  2  3  4  5  6  7  8 |
---------------+-------------------------+-----
Necromancy     | 5 6 7 8 |  8.3
Dodging        | 3 4 5 |  5.4
Stealth        | 3 |  3.9
Short Blades   | 1 2 |  2.5
Spellcasting   | 4 5 6 7 |  7.1
Translocations | 1 2 |  2.5
Throwing       | |  0.1

Action                     |  1- 3 |  4- 6 |  7- 9 || total
---------------------------+-------+-------+-------++-------
  Melee: Short sword       |    77 |    27 |       ||   104
         Unarmed           |     9 |       |       ||     9
         Punch             |     2 |     3 |     1 ||     6
         Dagger            |       |   129 |    88 ||   217
         Rapier            |       |       |    26 ||    26
  Throw: Dart              |       |     8 |       ||     8
   Cast: Vampiric Draining |     4 |    36 |    17 ||    57
         Teleport Other    |       |       |     3 ||     3
    Use: Scroll            |     1 |     1 |       ||     2
   Stab: Sleeping          |     4 |     6 |     2 ||    12
         Distracted        |     1 |       |       ||     1
 Armour: Robe              |    22 |    30 |    24 ||    76
  Dodge: Dodged            |    67 |   116 |    86 ||   269
